 Dungeon Crawl Stone Soup version 0.30-a0-1043-g60ff8d5f49 (webtiles) character file.

Game seed: 1738235733456961201

1581 bmack86 the Chopper (level 8, -2/68 (70) HPs)
             Began as a Minotaur Fighter on Apr 10, 2023.
             Was a Believer of Okawaru.
             Slain by a wight
             ... wielding a +5 morningstar
              (6 damage)
             ... on level 7 of the Dungeon.
             The game lasted 00:14:16 (5305 turns).

bmack86 the Chopper (Minotaur Fighter)              Turns: 5305, Time: 00:14:17

HP:   -2/68 (70)    AC: 15    Str: 24    XL:     8   Next: 60%
MP:   8/9           EV:  6    Int:  5    God:    Okawaru [**....]
Gold: 404           SH: 10    Dex:  9    Spells: 7/7 levels left

rFire   . . .      SeeInvis .    e - +3 broad axe (freeze)
rCold   . . .      Faith    .    c - +0 buckler
rNeg    . . .      Spirit   .    m - +0 plate armour
rPois   +          Reflect  +    (helmet restricted)
rElec   .          Rampage  .    q - +0 cloak
rCorr   .                        (no gloves)
Will    .....                    b - +0 pair of boots Stlth
                                 j - amulet of reflection
HPRegen 0.31/turn                k - ring of poison resistance
MPRegen 0.11/turn                (no ring)

@: lightly drained
A: horns 2, retaliatory headbutt
a: Renounce Religion, Heroism


You were on level 7 of the Dungeon.
You worshipped Okawaru.
Okawaru was pleased with you.
You visited 2 branches of the dungeon, and saw 8 of its levels.

You collected 404 gold pieces.

Inventory:

Hand Weapons
 a - a +0 war axe
 e - a +3 broad axe of freezing (weapon)
Missiles
 o - 6 poisoned darts (quivered)
Armour
 b - a +0 pair of boots (worn)
 c - a +0 buckler (worn)
 m - a +0 plate armour (worn)
 q - a +0 cloak (worn)
Jewellery
 j - an amulet of reflection (around neck)
 k - a ring of poison resistance (left hand)
Scrolls
 l - 5 scrolls of teleportation
 p - a scroll of poison
 w - a scroll of enchant weapon {unknown}
 x - a scroll of silence {unknown}
 y - a scroll of fear
Potions
 d - a potion of might
 f - 2 potions of attraction
 g - 3 potions of flight
 h - 4 potions of curing
 i - a potion of mutation
 n - 3 potions of brilliance
 r - a potion of berserk rage {unknown}
 s - 2 potions of heal wounds
 t - a potion of magic {unknown}
 u - a potion of ambrosia {unknown}
 v - a potion of haste {unknown}


   Skills:
 + Level 6.2 Fighting
 * Level 7.8 Axes
 + Level 3.5 Throwing
 + Level 6.3 Armour
 + Level 6.2 Shields
 + Level 2.8 Invocations


You had 7 spell levels left.
You didn't know any spells.
Your spell library contained the following spells:

 Spells                   Type           Power      Damage    Failure   Level
 Ensorcelled Hibernation  Hex/Ice        0%         N/A       100%        2
 Lesser Beckoning         Tloc           0%         N/A       100%        2
 Simulacrum               Ice/Necr       Unusable   N/A       N/A         6

Dungeon Overview and Level Annotations

Branches:
Dungeon (7/15)             Temple (1/1) D:5

Altars:
Ashenzari
Cheibriados
Dithmenos
Elyvilon
Fedhas
Gozag
Hepliaklqana
Makhleb
Nemelex Xobeh
Okawaru
Qazlal
Ru
Sif Muna
Trog
Uskayaw
Vehumet
Wu Jian
Xom
Yredelemnul
Zin
The Shining One


Innate Abilities, Weirdness & Mutations

You have a pair of horns on your head.
You reflexively headbutt those who attack you in melee.


Message History

Okawaru accepts your kill.
You feel sick. You block the killer bee's attack. x2
You block the wight's attack. The killer bee completely misses you.
The wight hits you with a +5 morningstar!
You feel drained.
* * * LOW HITPOINT WARNING * * *
Your life force feels restored.
You closely miss the killer bee. You hit the wight. x2; You feel sick.
The killer bee stings you but does no damage.
You block the killer bee's attack. You block the wight's attack.
The wight hits you with a +5 short sword.
* * * LOW HITPOINT WARNING * * *
Unknown command.
You barely miss the killer bee. You hit the wight.
You hit the wight but do no damage.
You feel sick.
You are no longer poisoned.
The killer bee stings you but does no damage.
The killer bee stings you.
* * * LOW HITPOINT WARNING * * *
You block the wight's attack. The wight hits you but does no damage.
The killer bee barely misses you.
You hit the killer bee. You freeze the killer bee.
The killer bee is moderately wounded.
You hit the wight. You slash the wight! The killer bee stings you.
* * * LOW HITPOINT WARNING * * *
The wight hits you with a +5 morningstar.
* * * LOW HITPOINT WARNING * * *
You feel drained.
* * * LOW HITPOINT WARNING * * *
The wight hits you but does no damage.
The killer bee stings you but does no damage.
You slash the killer bee! You freeze the killer bee.
You kill the killer bee!
Okawaru accepts your kill.
You slash the wight!
You destroy the wight!
Okawaru accepts your kill.
You barely miss the wight.
The wight hits you with a +5 morningstar.
You die...

#.# #.#.#
#..#### #.#
#.#.# #..# #.
#.#
#.#.####..###.
#.#
#.#...........
#.#
#.############
# #.#
#....>....#
#+##. #.#
#########.#
......#†#
#.###
.....zz@#
#...#
......z##
#.### ....<.z
### .......
..~♣♣♣♣ .♣~ ~


You could see 4 wights.

Vanquished Creatures
  Grinder (D:6)
  2 black bears (D:6)
  An ice beast (D:5)
  2 ogres (D:5)
  A phantom (D:6)
  3 scorpions
  A bullfrog (D:7)
  A wight (D:7)
  6 killer bees (D:7)
  A hound (D:6)
  2 jellies
  An iguana (D:5)
  2 orc wizards (D:4)
  Robin (D:2)
  11 adders
  A white imp (D:6)
  An ufetubus (D:4)
  3 dart slugs
  12 orcs
  8 bats
  An endoplasm (D:1)
  4 giant cockroaches
  24 goblins
  11 hobgoblins
  5 jackals
  4 quokkas
  5 ball pythons
  4 frilled lizards
  5 kobolds
  10 rats
134 creatures vanquished.

Vanquished Creatures (others)
  3 plants (D:7)
3 creatures vanquished.

Grand Total: 137 creatures vanquished

Notes
Turn   | Place    | Note
-------+----------+-------------------------------------------
     0 | D:1      | bmack86 the Minotaur Fighter began the quest for the Orb.
     0 | D:1      | Reached XP level 1. HP: 19/19 MP: 0/0
   143 | D:1      | Got the Papyrus of Numb Places
   255 | D:1      | Reached XP level 2. HP: 27/27 MP: 1/1
   372 | D:1      | Reached skill level 3 in Axes
   885 | D:2      | Reached XP level 3. HP: 33/33 MP: 2/2
  1114 | D:2      | Noticed Robin
  1126 | D:2      | Killed Robin
  1138 | D:2      | Reached XP level 4. HP: 11/40 MP: 3/3
  1267 | D:2      | Reached skill level 4 in Axes
  1730 | D:3      | Noticed a scorpion
  1742 | D:3      | Killed a scorpion
  1743 | D:3      | Reached XP level 5. HP: 45/47 MP: 4/4
  1907 | D:3      | Reached skill level 1 in Throwing
  1943 | D:3      | Found a faded altar of an unknown god.
  2198 | D:3      | Found a shadowy altar of Dithmenos.
  2350 | D:4      | Reached skill level 5 in Axes
  2515 | D:4      | Found a white marble altar of Elyvilon.
  2529 | D:4      | Identified a scroll of acquirement
  2529 | D:4      | Acquired a +3 broad axe of freezing
  2869 | D:4      | Reached XP level 6. HP: 53/53 MP: 5/5
  3143 | D:5      | Entered Level 5 of the Dungeon
  3175 | D:5      | Found a staircase to the Ecumenical Temple.
  3182 | D:5      | Noticed an ice beast
  3191 | D:5      | Killed an ice beast
  3192 | D:5      | Reached skill level 5 in Armour
  3205 | Temple   | Entered the Ecumenical Temple
  3336 | Temple   | Became a worshipper of Warmaster Okawaru
  3539 | D:5      | Reached skill level 5 in Fighting
  3552 | D:5      | Reached skill level 5 in Shields
  3552 | D:5      | Reached XP level 7. HP: 58/61 MP: 6/6
  3637 | D:5      | Reached skill level 6 in Axes
  3637 | D:5      | Reached skill level 1 in Invocations
  4247 | D:6      | Reached * piety under Okawaru
  4375 | D:6      | Found a hide-covered altar of Uskayaw.
  4375 | D:6      | Noticed a +0 dagger
  4375 | D:6      | Noticed a +0 hand axe
  4411 | D:6      | Noticed Grinder
  4417 | D:6      | Killed Grinder
  4467 | D:6      | Reached skill level 7 in Axes
  4467 | D:6      | Reached XP level 8. HP: 66/70 MP: 8/8
  5200 | D:7      | Found a hazy altar of Hepliaklqana.
  5300 | D:7      | Reached ** piety under Okawaru
  5304 | D:7      | HP: 3/68 [wight/+5 morningstar (2)]
  5305 | D:7      | Slain by a wight

Illustrated notes

Levels and vault maps discovered:
D:1:      dpeg_arrival_refuge, layout_loops_corners
D:2:      layout_loops_ring, uniq_robin
D:3:      layout_loops_ring, mainiacjoe_overflow_alcove_1,
          chequers_ecumenical_altar_island, minmay_goblin_kobold_house
D:4:      layout_basic, elyvilon_altar_5
D:5:      layout_cave_pods, minmay_temple_entry_slanted
D:6:      layout_loops_corners, dancing_weapons_uskayaw,
          minmay_misc_feat_pillars, uniq_grinder
D:7:      layout_basic, marbit_many_paths, nicolae_kikubaaqudgha_miasma_corner,
          serial_bayou_ford_a, minmay_ruined_shrine, uniq_crazy_yiuf_cottage
Temple:   minmay_crystal_spiral_temple

Skill      XL: |  1  2  3  4  5  6  7  8 |
---------------+-------------------------+-----
Axes           | 3 4 5 7 |  7.8
Armour         | 4 5 6 |  6.3
Shields        | 4 5 6 |  6.2
Fighting       | 4 5 6 |  6.2
Throwing       | 1 2 3 |  3.5
Invocations    | 2 |  2.8

Action                     |  1- 3 |  4- 6 |  7- 9 || total
---------------------------+-------+-------+-------++-------
  Melee: War axe           |    93 |   102 |       ||   195
         Headbutt          |     8 |    17 |    14 ||    39
         Broad axe         |       |    30 |    76 ||   106
    Use: Scroll            |       |    13 |     1 ||    14
 Armour: Scale mail        |    30 |    12 |       ||    42
         Chain mail        |       |    20 |       ||    20
         Plate armour      |       |    13 |    47 ||    60
  Dodge: Dodged            |    50 |    47 |    15 ||   112
  Block: Buckler           |    45 |    69 |    47 ||   161
         Reflection        |     1 |     1 |       ||     2

Table legend: (Time is in decaauts)
 A = Elapsed time spent in this place.
 B = Non-inter-level travel time spent in this place.
 C = Inter-level travel time spent in this place.
 D = Time resting spent in this place.
 E = Time spent auto-exploring this place.
 F = Levels seen in this place.
 G = Mean time per level.
                   A        B        C        D        E       F      G
               +--------+--------+--------+--------+--------+-----+--------+
         Total |   5403 |   5157 |    246 |    100 |   3754 |   8 |  675.4 |
       Dungeon |   5165 |   5002 |    163 |    100 |   3620 |   7 |  737.9 |
        Temple |    237 |    154 |     83 |      0 |    134 |   1 |  237.0 |
               +--------+--------+--------+--------+--------+-----+--------+

Top non-repeatable levels by time:
     D:6: 932 daAuts
     D:1: 883 daAuts
     D:2: 862 daAuts
     D:4: 836 daAuts
     D:5: 752 daAuts
     D:3: 632 daAuts
     D:7: 266 daAuts
  Temple: 237 daAuts
